 Dungeon Sprint DCSS version 0.27-a0-1149-g4505690ab0 (webtiles) character file.

Game seed: 14943446470942086035

1837 Zeld the Blocker (level 9, -1/70 HPs)
             Began as an Octopode Fighter on May 14, 2021.
             Was a Priest of Fedhas.
             Shot with an arrow by a centaur warrior (22 damage)
             ... in the Dungeon (Sprint IX: "|||||||||||||||||||||||||||||").
             The game lasted 00:01:43 (871 turns).

Zeld the Blocker (Octopode Fighter)                  Turns: 871, Time: 00:01:44

Health: -1/70      AC:  1    Str: 21    XL:     9   Next: 11%
Magic:  9/9        EV: 15    Int: 11    God:    Fedhas [***...]
Gold:   0          SH: 13    Dex: 11    Spells: 8/8 levels left

rFire    . . .     SeeInvis .   l - +2 rapier (venom)
rCold    . . .     Faith    .   b - +0 kite shield
rNeg     . . .     Spirit   .   (helmet restricted)
rPois    .         Reflect  .   (no amulet)
rElec    .         Harm     .   m - +2 ring of evasion
rCorr    .         Rampage  .   a - +3 ring of strength
Will     .....     NoTele   +   (no ring)
Stlth    ++++......             (no ring)
HPRegen  0.21/turn              (no ring)
MPRegen  0.11/turn              (no ring)
                                (no ring)
                                (no ring)

@: very slightly contaminated, invisible
A: almost no armour, amphibious, 8 rings, camouflage 1, gelatinous body 1,
(nimble swimmer 1), tentacles
a: Renounce Religion, Wall of Briars, Grow Ballistomycete


You were in the Dungeon.
You worshipped Fedhas.
Fedhas was most pleased with you.
You visited 1 branch

Inventory:

Hand Weapons
 l - a +2 rapier of venom (weapon)
Armour
 b - a +0 kite shield (worn)
Jewellery
 a - a +3 ring of strength (right tentacle)
 m - a +2 ring of evasion (left tentacle)
Wands
 k - a wand of iceblast (10)
Scrolls
 i - 2 scrolls of blinking
 j - 2 scrolls of amnesia
Potions
 c - a potion of might
 d - 4 potions of curing
 f - a potion of haste
 g - 4 potions of magic


   Skills:
 + Level 10.3 Fighting
 * Level 10.5 Short Blades
 - Level 3.0 Dodging
 + Level 6.6 Stealth
 * Level 13.1 Shields


You had 8 spell levels left.
You didn't know any spells.
Your spell library was empty.

Dungeon Overview and Level Annotations

Branches:
Dungeon (1/1)

Altars:
Cheibriados
Dithmenos
Elyvilon
Fedhas
Gozag
Hepliaklqana
Kikubaaqudgha
Makhleb
Nemelex Xobeh
Okawaru
Qazlal
Ru
Sif Muna
Trog
Uskayaw
Vehumet
Wu Jian
Xom
Yredelemnul
Zin
The Shining One
Beogh
Jiyva
Lugonu


Innate Abilities, Weirdness & Mutations

You cannot wear most types of armour.
You are amphibious.
You can wear up to eight rings at the same time.
Your skin changes colour to match your surroundings (Stealth+).
Your rubbery body absorbs attacks. (AC +1, EV +1)
((You are camouflaged near water. (Stealth+)))
You have tentacles for arms and can constrict up to eight enemies at once.


Message History

You feel much better. The centaur warrior closely misses you.
The centaur warrior kicks you but does no damage.
Okay, then.
You hit the centaur warrior.
The centaur warrior looks as sick as possible!
The centaur warrior is moderately wounded.
The centaur warrior hits you!
The centaur warrior completely misses you.
You are too injured to fight recklessly!
You are too injured to fight recklessly!
You are too injured to fight recklessly!
You hit the centaur warrior but do no damage.
The centaur warrior looks as sick as possible!
Your squeeze misses the centaur warrior.
The centaur warrior is moderately wounded.
The centaur warrior hits you!
* * * LOW HITPOINT WARNING * * *
The centaur warrior misses you.
You fade into invisibility!
The centaur warrior closely misses you. You block the centaur warrior's attack.
The centaur warrior wields a +0 longbow.
The centaur warrior shoots an arrow.
The arrow hits the centaur warrior!!
The centaur warrior closely misses you. You block the centaur warrior's attack.
You are very lightly contaminated with residual magic.
You strike the helpless centaur warrior from behind!
You impale the centaur warrior!!
You kill the centaur warrior!
Fedhas appreciates your contribution to the ecosystem.
You can now grow a ballistomycete.
The centaur warrior shoots an arrow.
You block the arrow.
Your Stealth skill increases to level 6!
Your Shields skill increases to level 13!
You have reached level 9!
Your experience leads to an increase in your attributes!
Your base attributes are Str 17, Int 11, Dex 11.
Increase (S)trength, (I)ntelligence, or (D)exterity?
You feel stronger.
The centaur warrior shoots an arrow.
The arrow hits you!!
You die...
Fedhas appreciates your contribution to the ecosystem.

▓+▓
▓y▓
▓l▓
▓c▓
▓@▓
▓)▓
▓)▓
▓'▓
▓.▓
▓.▓
▓.▓
▓.▓
▓.▓


You could see a centaur warrior, a basilisk and a vampire mosquito.

Vanquished Creatures
  A centaur warrior (D)
  A gargoyle (D)
  A kobold demonologist (D)
  A meliai (D)
  A hornet (D)
  A yak (D)
  A wraith (D)
  A steam dragon (D)
  A necrophage (D)
  A wight (D)
  An adder (D)
  An adder skeleton (D)
  2 dart slugs (D)
  2 bats (D)
  A giant cockroach (D)
  A ball python zombie (D)
  A jackal skeleton (D)
19 creatures vanquished.

Notes
Turn   | Place    | Note
-------+----------+-------------------------------------------
     0 | D        | Zeld the Octopode Fighter began the quest for the Orb.
     0 | D        | Reached XP level 1. HP: 16/16 MP: 1/1
    11 | D        | Reached skill level 4 in Shields
    11 | D        | Reached XP level 2. HP: 21/22 MP: 2/2
   221 | D        | Noticed a necrophage
   229 | D        | Killed a necrophage
   230 | D        | Reached skill level 5 in Fighting
   230 | D        | Reached skill level 1 in Stealth
   230 | D        | Reached skill level 6 in Shields
   230 | D        | Reached XP level 3. HP: 19/29 MP: 3/3
   230 | D        | Reached XP level 4. HP: 23/35 MP: 4/4
   237 | D        | Reached skill level 7 in Shields
   237 | D        | HP: 1/35 [jackal skeleton (2)]
   528 | D        | Found a snail-covered altar of Cheibriados.
   528 | D        | Found a shadowy altar of Dithmenos.
   528 | D        | Found a white marble altar of Elyvilon.
   528 | D        | Found a blossoming altar of Fedhas.
   528 | D        | Found an opulent altar of Gozag.
   529 | D        | Found a hazy altar of Hepliaklqana.
   530 | D        | Found a viscous altar of Jiyva.
   531 | D        | Found an ancient bone altar of Kikubaaqudgha.
   532 | D        | Found a corrupted altar of Lugonu.
   533 | D        | Found a burning altar of Makhleb.
   534 | D        | Found a sparkling altar of Nemelex Xobeh.
   535 | D        | Found an iron altar of Okawaru.
   536 | D        | Found a stormy altar of Qazlal.
   537 | D        | Found a sacrificial altar of Ru.
   538 | D        | Found a shimmering blue altar of Sif Muna.
   539 | D        | Found a bloodstained altar of Trog.
   540 | D        | Found a hide-covered altar of Uskayaw.
   541 | D        | Found a radiant altar of Vehumet.
   542 | D        | Found an ornate altar of the Wu Jian Council.
   543 | D        | Found a shimmering altar of Xom.
   544 | D        | Found a basalt altar of Yredelemnul.
   545 | D        | Found a glowing silver altar of Zin.
   546 | D        | Found a glowing golden altar of the Shining One.
   569 | D        | Became a worshipper of Fedhas Madash
   626 | D        | Noticed a yak
   626 | D        | Noticed a hornet
   626 | D        | Noticed a wraith
   626 | D        | Noticed a kobold demonologist
   626 | D        | Noticed a steam dragon
   629 | D        | Killed a steam dragon
   630 | D        | Reached skill level 5 in Short Blades
   630 | D        | Reached skill level 8 in Shields
   630 | D        | Reached XP level 5. HP: 42/42 MP: 5/5
   630 | D        | Reached XP level 6. HP: 47/47 MP: 6/6
   635 | D        | Killed a kobold demonologist
   636 | D        | Reached skill level 10 in Shields
   636 | D        | Reached XP level 7. HP: 35/55 MP: 7/7
   642 | D        | Reached * piety under Fedhas
   656 | D        | Killed a wraith
   657 | D        | Reached skill level 11 in Shields
   659 | D        | Killed a hornet
   660 | D        | Reached XP level 8. HP: 46/63 MP: 8/8
   669 | D        | Killed a yak
   669 | D        | Reached ** piety under Fedhas
   670 | D        | Reached skill level 12 in Shields
   856 | D        | Noticed a centaur warrior
   856 | D        | Noticed a centaur warrior
   856 | D        | Noticed a meliai
   856 | D        | Noticed a gargoyle
   858 | D        | Killed a gargoyle
   859 | D        | Reached skill level 5 in Stealth
   860 | D        | Killed a meliai
   861 | D        | Reached skill level 10 in Fighting
   861 | D        | Reached skill level 10 in Short Blades
   870 | D        | Killed a centaur warrior
   870 | D        | Reached *** piety under Fedhas
   871 | D        | Reached skill level 13 in Shields
   871 | D        | Reached XP level 9. HP: 21/70 MP: 9/9
   871 | D        | Shot with an arrow by a centaur warrior

Illustrated notes

Levels and vault maps discovered:
D:        linesprint [early_d, line_temple, items_1, d_10, items_2, lair_1,
          lair_end, items_3, orc_1, orc_end, items_4, d_15, swamp_1, shoals_1,
          snake_1, spider_1, d_20, vaults_1, items_5, swamp_end, shoals_end,
          snake_end, spider_end, vaults_end, d_27, items_6, zot_1, zot_end,
          crypt_end, forest_end, elf_end, slime_end, tomb_end, abyss_end,
          pan_hell_end]

Skill      XL: |  1  2  3  4  5  6  7  8 |
---------------+-------------------------+-----
Shields        | 4 6 8 10 11 13 | 13.1
Fighting       | 5 6 8 9 10 | 10.3
Short Blades   | 4 5 7 8 10 | 10.5
Stealth        | 1 2 3 4 6 |  6.6
Dodging        | |  3.0

Action                   |  1- 3 |  4- 6 |  7- 9 || total
-------------------------+-------+-------+-------++-------
Melee: Rapier            |    16 |    17 |    39 ||    72
       Constrict         |     6 |     2 |     1 ||     9
       Tentacles         |     4 |     1 |     7 ||    12
  Use: Potion            |       |     3 |     3 ||     6
 Stab: Sleeping          |       |     1 |     1 ||     2
       Distracted        |       |       |     1 ||     1
       Invisible         |       |       |     1 ||     1
Armor: Skin              |       |     1 |     2 ||     3
Dodge: Dodged            |     4 |     7 |    14 ||    25
Block: Kite shield       |     9 |     4 |    25 ||    38

Table legend: (Time is in decaauts)
 A = Elapsed time spent in this place.
 B = Non-inter-level travel time spent in this place.
 C = Inter-level travel time spent in this place.
 D = Time resting spent in this place.
 E = Time spent auto-exploring this place.
 F = Levels seen in this place.
 G = Mean time per level.
                   A        B        C        D        E       F      G
               +--------+--------+--------+--------+--------+-----+--------+
         Total |    882 |    882 |      0 |    690 |      0 |   1 |  882.0 |
       Dungeon |    882 |    882 |      0 |    690 |      0 |   1 |  882.0 |
               +--------+--------+--------+--------+--------+-----+--------+

Top non-repeatable levels by time:
       D: 882 daAuts
